 Dungeon Crawl Stone Soup version 0.31-a0-1540-g5a0b83f448 (webtiles) character file.

Game seed: 3939315403378500680

2669 MisterAzrael the Fighter (level 9, -16/82 HPs)
             Began as a Hill Orc Fighter on Jan 2, 2024.
             Was an Initiate of Gozag.
             Demolished by a two-headed ogre
             ... wielding a +0 giant club
              (25 damage)
             ... on level 8 of the Dungeon.
             The game lasted 00:10:04 (6497 turns).

MisterAzrael the Fighter (Hill Orc Fighter)         Turns: 6497, Time: 00:10:05

Health: -16/82     AC:  7    Str: 23    XL:     9   Next: 63%
Magic:  9/9        EV:  2    Int:  8    God:    Gozag
Gold:   233        SH:  0    Dex: 10    Spells: 8/8 levels left

rFire   . . .        a - +0 war axe
rCold   . . .        c - +0 buckler
rNeg    . . .        b - +0 scale mail
rPois   .            (no helmet)
rElec   .            (no cloak)
rCorr   .            (no gloves)
SInv    .            (no boots)
Will    .....        (no amulet) Stlth
                     y - ring of flight
HPRegen 0.33/turn    (no ring)
MPRegen 0.11/turn

%: no passive effects
@: sleeping, flying
A: subdued magic 1
a: Renounce Religion, Potion Petition, Call Merchant, Bribe Branch


You were on level 8 of the Dungeon.
You worshipped Gozag.
Gozag was aware of your devotion.
You visited 1 branch of the dungeon, and saw 8 of its levels.

You collected 923 gold pieces.
You spent 312 gold pieces at shops.
You paid 378 gold pieces to Gozag.

Inventory:

Hand Weapons
 a - a +0 war axe (weapon)
 i - a +0 whip of flaming
 r - a +7 club
Missiles
 f - a throwing net
 l - a javelin
Armour
 b - a +0 scale mail (worn)
 c - a +0 buckler (worn)
Jewellery
 n - a +6 ring of intelligence
 y - a ring of flight (left hand)
Wands
 u - a wand of charming (9) (quivered)
 z - a wand of quicksilver (9)
Scrolls
 g - 3 scrolls of fog
 j - 2 scrolls of revelation
 k - 5 scrolls of teleportation
 o - 3 scrolls of poison
 q - a scroll of vulnerability
 v - a scroll of enchant armour
 w - a scroll of identify
Potions
 d - 2 potions of might
 e - a potion of enlightenment {unknown}
 p - a potion of magic
 t - a potion of curing
 x - 2 potions of attraction {unknown}


   Skills:
 + Level 8.5 Fighting
 + Level 8.5(8.6) Axes
 - Level 1.4(4.6) Maces & Flails
 - Level 7.2 Throwing
 + Level 4.6 Armour
 + Level 4.6 Shields


You had 8 spell levels left.
You didn't know any spells.
Your spell library contained the following spells:

 Spells                   Type           Power      Damage    Failure   Level
 Kiss of Death            Conj/Necr      0%         2d5       73%         1
 Ensorcelled Hibernation  Hex/Ice        0%         N/A       86%         2
 Frozen Ramparts          Ice            0%         1d1       98%         3
 Fugue of the Fallen      Necr           0%         N/A       98%         3
 Ozocubu's Armour         Ice            0%         N/A       98%         3
 Passwall                 Erth           0%         N/A       98%         3
 Swiftness                Air            0%         N/A       98%         3
 Vampiric Draining        Necr           0%         2d6       98%         3
 Manifold Assault         Tloc           0%         N/A       100%        4
 Martyr's Knell           Necr/Summ      0%         N/A       100%        4
 Vhi's Electric Charge    Tloc/Air       0%         N/A       100%        4
 Arcjolt                  Conj/Air       0%         1d10      100%        5
 Maxwell's Capacitive Co  Air            0%         ∞         100%        8
 Polar Vortex             Ice            0%         N/A       100%        9


Dungeon Overview and Level Annotations

Branches:
Dungeon (8/15)             Temple (0/1) D:6
   Lair: D:8-11

Altars:
Ashenzari
Elyvilon
Fedhas
Gozag
Hepliaklqana
Kikubaaqudgha
Makhleb
Ru
Vehumet
Zin
The Shining One

Shops:
D:5 [!!   D:7 *

Annotations:
D:7 2 transporters


Innate Abilities, Weirdness & Mutations

Your spells are a little easier to cast, but a little less powerful.


Message History

Aiming: Charm
Press: ? - help, Q - select action, (/) - cycle Shift-Dir - straight line, f/p - two-headed ogre
Aim: a two-headed ogre, wielding two +0 giant clubs (moderately wounded, chance to affect: 31%)
The two-headed ogre easily resists.
You block the two-headed ogre's attack. x2
Aiming: Charm
Press: ? - help, Q - select action, (/) - cycle Shift-Dir - straight line, f/p - two-headed ogre
Aim: a two-headed ogre, wielding two +0 giant clubs (moderately wounded, chance to affect: 31%)
The two-headed ogre easily resists.
Aiming: Charm
Press: ? - help, Q - select action, (/) - cycle Shift-Dir - straight line, f/p - two-headed ogre
Aim: a two-headed ogre, wielding two +0 giant clubs (moderately wounded, chance to affect: 31%)
The two-headed ogre is charmed.
The sleepcap releases spores at you.
The sleepcap releases spores at your two-headed ogre.
An orc wizard comes into view. It is wielding a +0 dagger.
The orc wizard points at you and mumbles some strange words.
The magic dart hits you.
You barely miss your two-headed ogre.
The two-headed ogre is no longer charmed.
The two-headed ogre is moderately wounded.
The two-headed ogre hits you with a +0 giant club!
The two-headed ogre closely misses you.
You slash the two-headed ogre!
The two-headed ogre is heavily wounded.
You slash the sleepcap! The sleepcap barely misses you.
The two-headed ogre hits you with a +0 giant club!
The two-headed ogre hits you with a +0 giant club!!
* * * LOW HITPOINT WARNING * * *
You slice the two-headed ogre!!
The two-headed ogre is almost dead.
You hit the sleepcap. The sleepcap releases spores at you.
* * * LOW HITPOINT WARNING * * *
You are engulfed in a cloud of soporific spores!
You fall asleep.
An orc comes into view.
It is wielding a +2 morningstar of protection.
The orc shouts!
The two-headed ogre hits you with a +0 giant club!!
You die...
Your body crumbles into a pile of gold.

#.....#.[........
.................
#...............
#...............
##...............
#............[...
...#.#...$$$.f......#
#..(...$.$...O@.....#
............?.......#
.........##.o.......#
....).................
...........<.....:..#.
##..#.....#........##
#...#....#.......##
.........#o##...##
..... ..# #.##


You could see a two-headed ogre, a sleepcap, an orc wizard and an orc.

Vanquished Creatures
  Pikel (D:7)
  Grinder (D:5)
  A hornet (D:7)
  A steam dragon (D:6)
  A water moccasin (D:6)
  An ice beast (D:3)
  2 sky beasts (D:6)
  A black bear (D:4)
  An ogre (D:5)
  A centaur (D:5)
  A lemure (D:7)
  A kobold brigand (D:8)
  2 bullfrogs (D:6)
  2 scorpions
  4 killer bees (D:6)
  4 howler monkeys
  A jelly (D:6)
  3 hounds
  An orc priest (D:5)
  Jessica (D:2)
  4 iguanas
  An orc wizard (D:7)
  4 gnolls
  5 adders
  A shadow imp (D:6)
  2 ufetubi (D:6)
  A dart slug (D:2)
  A ribbon worm (D:2)
  18 orcs
  7 ball pythons
  5 endoplasms
  A giant cockroach (D:1)
  3 goblins
  5 hobgoblins
  2 jackals (D:3)
  15 kobolds
  3 quokkas
  4 bats
  3 frilled lizards
  7 rats
  A butterfly (D:6)
124 creatures vanquished.

Notes
Turn   | Place    | Note
-------+----------+-------------------------------------------
     0 | D:1      | MisterAzrael the Hill Orc Fighter began the quest for the
                  | Orb.
     0 | D:1      | Reached XP level 1. HP: 19/19 MP: 1/1
   101 | D:1      | Reached XP level 2. HP: 27/27 MP: 2/2
   470 | D:1      | Reached XP level 3. HP: 22/33 MP: 3/3
  1024 | D:2      | Noticed Jessica
  1030 | D:2      | Killed Jessica
  1031 | D:2      | Reached skill level 1 in Throwing
  1031 | D:2      | Reached XP level 4. HP: 34/41 MP: 4/4
  1506 | D:3      | Found a burning altar of Makhleb.
  1506 | D:3      | Noticed a cacodemon
  1530 | D:3      | Noticed an ice beast
  1549 | D:3      | Killed an ice beast
  1550 | D:3      | Reached skill level 1 in Maces & Flails
  1550 | D:3      | Reached XP level 5. HP: 14/47 MP: 5/5
  1771 | D:3      | Found an opulent altar of Gozag.
  1837 | D:3      | Became a worshipper of Gozag Ym Sagoz the Greedy
  2086 | D:3      | Got the Directory of the Necrotic Crevasse
  2154 | D:3      | Reached skill level 5 in Fighting
  2154 | D:3      | Reached XP level 6. HP: 56/56 MP: 6/6
  2254 | D:4      | Found a sacrificial altar of Ru.
  2426 | D:4      | Found a glowing silver altar of Zin.
  2426 | D:4      | Found a hazy altar of Hepliaklqana.
  2432 | D:4      | Found a broken altar of Ashenzari.
  2435 | D:4      | Found a radiant altar of Vehumet.
  2568 | D:4      | Found an ancient bone altar of Kikubaaqudgha.
  2568 | D:4      | Noticed a black bear
  2578 | D:4      | Killed a black bear
  2885 | D:4      | Reached XP level 7. HP: 52/61 MP: 7/7
  2964 | D:4      | Found a white marble altar of Elyvilon.
  3029 | D:4      | Found a blossoming altar of Fedhas.
  3039 | D:5      | Entered Level 5 of the Dungeon
  3207 | D:5      | Reached skill level 5 in Axes
  3358 | D:5      | Noticed Grinder
  3377 | D:5      | Killed Grinder
  3509 | D:5      | Found Sahavuom's Distillery.
  3517 | D:5      | Bought a potion of heal wounds for 70 gold pieces
  3517 | D:5      | Bought a potion of heal wounds for 70 gold pieces
  3517 | D:5      | Bought a potion of curing for 42 gold pieces
  3590 | D:5      | Found Memieshre's Antique Armour Shop.
  3599 | D:5      | Reached skill level 5 in Throwing
  3599 | D:5      | Reached XP level 8. HP: 60/71 MP: 8/8
  3811 | D:5      | Found Edoej's Distillery.
  3821 | D:5      | Bought a potion of heal wounds for 50 gold pieces
  3821 | D:5      | Bought a potion of mutation for 80 gold pieces
  3821 | D:5      | Gained mutation: Your spells are a little easier to cast,
                  | but a little less powerful. [potion of mutation]
  4180 | D:6      | Found a staircase to the Ecumenical Temple.
  4954 | D:6      | Found a glowing golden altar of the Shining One.
  4967 | D:6      | Reached XP level 9. HP: 78/79 MP: 9/9
  5241 | D:7      | Noticed a hornet
  5249 | D:7      | Paralysed by a hornet for 2 turns
  5254 | D:7      | Paralysed by a hornet for 3 turns
  5266 | D:7      | Killed a hornet
  6002 | D:7      | Noticed Pikel
  6014 | D:7      | Killed Pikel
  6346 | D:7      | Found a transporter.
  6346 | D:7      | Found Jaonodgh's General Store.
  6429 | D:7      | Found a transporter.
  6480 | D:8      | Noticed a two-headed ogre
  6497 | D:8      | Demolished by a two-headed ogre

Illustrated notes

Levels and vault maps discovered:
D:1:      ldierk_walled_garden_2, layout_loops_cross
D:2:      layout_loops_cross, minmay_door_square, uniq_jessica
D:3:      layout_basic, makhleb_altar_promises_db, grunt_gozag_breadcrumbs
D:4:      layout_rooms, kennysheep_mini_moat, hangedman_ru_absence,
          nicolae_overflow_macrodata_refinement, kiku_gazebo_pond_becter,
          mainiacjoe_overflow_boulevard
D:5:      layout_cave_pools, serial_shops, shop, nicolae_lakefront_shop, shop,
          small_statue_intersection, moated_statue, uniq_grinder
D:6:      layout_basic, mainiacjoe_overflow_chevrons,
          minmay_temple_entry_butterflies
D:7:      layout_loops_corners, serial_shops, nicolae_shop_drivethru,
          hangedman_decor_push, uniq_pikel
D:8:      layout_cave_pools, nemelex_diamond_rough_becter,
          serial_nicolae_subway, nicolae_sub_station_metal,
          nicolae_sub_station_stone, nicolae_sub_station_crystal

Skill      XL: |  1  2  3  4  5  6  7  8  9 |
---------------+----------------------------+-----
Axes           | 3 4 5 7 8 |  8.5
Fighting       | 4 5 6 7 8 |  8.5
Throwing       | 1 2 3 5 6 7 |  7.2
Maces & Flails | 1 |  1.4
Armour         | 4 |  4.6
Shields        | 4 |  4.6

Action                     |  1- 3 |  4- 6 |  7- 9 || total
---------------------------+-------+-------+-------++-------
  Melee: War axe           |    78 |   108 |   230 ||   416
         Club              |       |    35 |       ||    35
  Throw: Javelin           |       |       |     5 ||     5
 Invoke: Potion Petition   |       |       |     1 ||     1
  Evoke: Wand              |       |       |     4 ||     4
    Use: Potion            |       |     6 |     9 ||    15
         Scroll            |       |     6 |     4 ||    10
   Stab: Distracted        |       |       |     2 ||     2
 Armour: Scale mail        |    42 |   110 |   235 ||   387
         Skin              |       |       |    24 ||    24
  Dodge: Dodged            |    32 |    61 |   139 ||   232
  Block: Buckler           |    15 |    30 |    65 ||   110

Table legend: (Time is in decaauts)
 A = Elapsed time spent in this place.
 B = Non-inter-level travel time spent in this place.
 C = Inter-level travel time spent in this place.
 D = Time resting spent in this place.
 E = Time spent auto-exploring this place.
 F = Levels seen in this place.
 G = Mean time per level.
                   A        B        C        D        E       F      G
               +--------+--------+--------+--------+--------+-----+--------+
         Total |   6602 |   6454 |    148 |    873 |   4408 |   8 |  825.2 |
       Dungeon |   6602 |   6454 |    148 |    873 |   4408 |   8 |  825.2 |
               +--------+--------+--------+--------+--------+-----+--------+

Top non-repeatable levels by time:
     D:6: 1281 daAuts
     D:7: 1247 daAuts
     D:5: 922 daAuts
     D:4: 862 daAuts
     D:3: 761 daAuts
     D:1: 755 daAuts
     D:2: 729 daAuts
     D:8: 42 daAuts
